 Dungeon Crawl Stone Soup version 0.30-a0-989-g0d87f670db (webtiles) character file.

Game seed: 6582247248299743841

198 porpoise the Trooper (level 5, -4/34 HPs)
             Began as a Gargoyle Gladiator on Apr 3, 2023.
             Slain by an ogre
             ... wielding a +0 giant club
              (16 damage)
             ... on level 5 of the Dungeon.
             The game lasted 00:10:24 (3255 turns).

porpoise the Trooper (Gargoyle Gladiator)           Turns: 3255, Time: 00:10:24

Health: -4/34      AC: 14    Str: 17    XL:     5   Next: 76%
Magic:  5/5        EV: 10    Int:  9    God:
Gold:   265        SH:  0    Dex: 13    Spells: 4/4 levels left

rFire   . . .      SeeInvis +    a - +0 long sword
rCold   + . .      Faith    .    (no shield)
rNeg    + . .      Spirit   .    v - +2 scale mail of Sloth {rC+ SInv}
rPois   ∞          Reflect  .    z - +1 helmet
rElec   +          Rampage  .    (no cloak)
rCorr   .                        (no gloves)
Will    .....                    (no boots)
Stlth   +                        s - amulet of the acrobat
HPRegen 0.25/turn                (no ring)
MPRegen 0.09/turn                (no ring)

@: no status effects
A: sickness immunity, AC +4, negative energy resistance 1, electricity
resistance, torment resistance 1, petrification resistance
a: no special abilities


You were on level 5 of the Dungeon.
You visited 1 branch of the dungeon, and saw 5 of its levels.

You collected 265 gold pieces.

Inventory:

Hand Weapons
 a - a +0 long sword (weapon)
 b - a +0 sling
 y - a +1 spectral quarterstaff
Missiles
 e - a javelin (quivered)
 f - 14 poisoned darts
Armour
 c - a +0 helmet
 v - the +2 scale mail of Sloth (worn) {rC+ SInv}
   (You found it on level 3 of the Dungeon)

   rC:        It protects you from cold.
   SInv:      It lets you see invisible.
 z - a +1 helmet (worn)
Jewellery
 j - an amulet of guardian spirit
 s - an amulet of the acrobat (around neck)
Scrolls
 h - a scroll of noise
 i - a scroll of enchant armour {unknown}
 k - a scroll of fear {unknown}
 p - 4 scrolls of immolation
 t - 2 scrolls of magic mapping
 u - a scroll of identify {unknown}
 w - a scroll of teleportation {unknown}
 A - a scroll of acquirement {unknown}
Potions
 g - a potion of flight {unknown}
 l - a potion of curing
 m - a potion of lignification {unknown}
 n - a potion of invisibility {unknown}
 o - 2 potions of might {unknown}
 q - a potion of heal wounds {unknown}
 r - a potion of mutation {unknown}
 x - a potion of cancellation {unknown}


   Skills:
 * Level 4.3 Fighting
 * Level 4.2 Long Blades
 - Level 1.7 Throwing
 + Level 0.8 Armour
 - Level 2.4 Dodging
 - Level 2.0 Stealth


You had 4 spell levels left.
You didn't know any spells.
Your spell library contained the following spells:

 Spells                   Type           Power      Damage    Failure   Level
 Apportation              Tloc           0%         N/A       82%         1
 Necrotise                Necr           0%         1d4       82%         1
 Summon Small Mammal      Summ           0%         N/A       82%         1


Dungeon Overview and Level Annotations

Branches:
Dungeon (4/15)
 Temple: D:4-7

Altars:
Wu Jian

Shops:
D:1 :


Innate Abilities, Weirdness & Mutations

You are immune to sickness and miasma.
Your stone body is resilient. (AC +4)
You are immune to poison.
You resist negative energy. (rN+)
You are resistant to electric shocks. (rElec)
You are resistant to unholy torment.
You are immune to petrification.


Message History

Throw: 2 throwing nets
Press: ? - help, Q - select action, (/) - cycle Shift-Dir - straight line, f/p - ogre
Aim: an ogre, wielding a +0 giant club (74% to hit)
You throw a throwing net.
The throwing net barely misses the ogre.
The ogre barely misses you.
Throw: throwing net
Press: ? - help, Q - select action, (/) - cycle Shift-Dir - straight line, f/p - ogre
Aim: an ogre, wielding a +0 giant club (74% to hit)
You throw a throwing net. The throwing net hits the ogre.
The ogre is caught in the net!
The water moccasin bites you but does no damage.
The ogre struggles against the net.
You catch the helpless ogre completely off-guard!
You hit the ogre but do no damage. The water moccasin bites you.
The ogre struggles against the net.
The water moccasin bites you but does no damage.
You hit the ogre but do no damage.
The water moccasin bites you but does no damage.
The ogre struggles against the net.
The water moccasin bites you but does no damage.
You slash the ogre!
The ogre is moderately wounded.
The ogre struggles against the net.
The water moccasin barely misses you.
You hit the ogre.
The ogre is heavily wounded.
The water moccasin closely misses you.
The ogre struggles against the net.
The net rips apart, and the ogre comes free!
The water moccasin barely misses you. The ogre hits you with a +0 giant club!
You hit the ogre.
The ogre is heavily wounded.
The water moccasin closely misses you.
You slash the ogre!
The ogre is almost dead.
The water moccasin misses you. The ogre hits you with a +0 giant club!
The water moccasin closely misses you.
You closely miss the ogre.
The ogre is almost dead.
The water moccasin misses you. The ogre hits you with a +0 giant club!
You die...

#.....#
#.....#
#.....#
##.....#
......#
#######....#
...S.......#
#S....#
#@##### #O#
#(# #(# #+#


You could see a water moccasin and an ogre.

Vanquished Creatures
  Robin (D:3)
  6 adders
  2 worms (D:3)
  A dart slug (D:2)
  5 orcs (D:3)
  7 ball pythons
  7 bats
  8 endoplasms
  6 giant cockroaches
  19 goblins
  6 hobgoblins
  6 jackals
  8 quokkas
  7 frilled lizards
  12 kobolds
  8 rats
109 creatures vanquished.

Notes
Turn   | Place    | Note
-------+----------+-------------------------------------------
     0 | D:1      | porpoise the Gargoyle Gladiator began the quest for the
                  | Orb.
     0 | D:1      | Reached XP level 1. HP: 12/12 MP: 1/1
    31 | D:1      | Found Buon's Book Shop.
    87 | D:1      | Reached XP level 2. HP: 14/18 MP: 2/2
   353 | D:1      | Reached skill level 1 in Stealth
   620 | D:1      | Reached XP level 3. HP: 22/22 MP: 3/3
  1310 | D:2      | Reached XP level 4. HP: 26/28 MP: 4/4
  2134 | D:3      | Identified the +2 scale mail of Sloth {rC+ SInv}
  2351 | D:3      | Reached XP level 5. HP: 33/33 MP: 5/5
  2681 | D:3      | Noticed Robin
  2723 | D:3      | Killed Robin
  2838 | D:3      | Found an ornate altar of the Wu Jian Council.
  3242 | D:4      | You fall into a shaft and drop 1 floor!
  3242 | D:5      | Entered Level 5 of the Dungeon
  3244 | D:5      | Noticed a water moccasin
  3244 | D:5      | Noticed an ogre
  3255 | D:5      | Slain by an ogre

Illustrated notes

Levels and vault maps discovered:
D:1:      wheals_arrival_linesprint, layout_basic, serial_shops, shop_statue
D:2:      minmay_razor_zed, layout_basic, grunt_ministairs_11
D:3:      cheibrodos_helix_gallery, layout_loops_cross,
          mainiacjoe_overflow_brackets, uniq_robin
D:4:      layout_cave_pools
D:5:      layout_basic, minmay_temple_entry_waves, hangedman_decor_growths,
          st_stairs_8

Skill      XL: |  1  2  3  4  5 |
---------------+----------------+-----
Long Blades    | 3 4 |  4.2
Stealth        | 1 2 |  2.0
Fighting       | 3 4 |  4.3
Throwing       | |  1.7
Armour         | |  0.8
Dodging        | |  2.4

Action                     |  1- 3 |  4- 6 || total
---------------------------+-------+-------++-------
  Melee: Long sword        |   127 |   222 ||   349
         Punch             |       |     1 ||     1
  Throw: Throwing net      |       |     3 ||     3
    Use: Scroll            |       |     3 ||     3
         Potion            |       |     1 ||     1
   Stab: Sleeping          |     3 |     3 ||     6
         Held in net/web   |       |     1 ||     1
 Armour: Leather armour    |    53 |    29 ||    82
         Scale mail        |       |    82 ||    82
  Dodge: Dodged            |    85 |   163 ||   248

Table legend: (Time is in decaauts)
 A = Elapsed time spent in this place.
 B = Non-inter-level travel time spent in this place.
 C = Inter-level travel time spent in this place.
 D = Time resting spent in this place.
 E = Time spent auto-exploring this place.
 F = Levels seen in this place.
 G = Mean time per level.
                   A        B        C        D        E       F      G
               +--------+--------+--------+--------+--------+-----+--------+
         Total |   3331 |   3089 |    242 |    385 |   1756 |   5 |  666.2 |
       Dungeon |   3331 |   3089 |    242 |    385 |   1756 |   5 |  666.2 |
               +--------+--------+--------+--------+--------+-----+--------+

Top non-repeatable levels by time:
     D:2: 1140 daAuts
     D:1: 1018 daAuts
     D:3: 970 daAuts
     D:4: 187 daAuts
     D:5: 13 daAuts
